 Dungeon Crawl Stone Soup version 0.31-a0-182-gc5ef74bbde (webtiles) character file.

Game seed: 15770465193319782042

49 qw the Chopper (level 3, -1/23 HPs)
             Began as a Gargoyle Fighter on June 20, 2023.
             Slain by a gnoll
             ... wielding a +0 spear
              (2 damage)
             ... on level 2 of the Dungeon.
             The game lasted 00:00:32 (881 turns).

qw the Chopper (Gargoyle Fighter)                    Turns: 881, Time: 00:00:33

Health: -1/23      AC: 12    Str: 21    XL:     3   Next: 75%
Magic:  3/3        EV:  9    Int:  8    God:
Gold:   35         SH:  4    Dex:  9    Spells: 2/2 levels left

rFire   . . .        Y - +0 war axe
rCold   . . .        c - +0 buckler
rNeg    + . .        b - +0 scale mail
rPois   inf          l - +1 helmet
rElec   +            (no cloak)
rCorr   .            (no gloves)
SInv    .            (no boots)
Will    .....        (no amulet) Stlth
                     (no ring)
HPRegen 0.23/turn    (no ring)
MPRegen 0.08/turn

%: no passive effects
@: about to teleport
A: sickness immunity, AC +3, negative energy resistance 1, electricity
resistance, torment resistance 1, petrification resistance
a: no special abilities


You were on level 2 of the Dungeon.
You visited 1 branch of the dungeon, and saw 2 of its levels.

You collected 35 gold pieces.


Innate Abilities, Weirdness & Mutations

You are immune to sickness and miasma.
Your stone body is resilient. (AC +3)
You are immune to poison.
You resist negative energy. (rN+)
You are resistant to electric shocks. (rElec)
You are resistant to unholy torment.
You are immune to petrification.


   Skills:
 - Level 3.2 Fighting
 + Level 3.6 Axes
 - Level 3.2 Armour
 - Level 3.2 Shields


You had 2 spell levels left.
You didn't know any spells.
Your spell library was empty.

Inventory:

Hand Weapons
 h - a +0 club
 Y - a +0 war axe (weapon)
Armour
 a - a +0 pair of boots
 b - a +0 scale mail (worn)
 c - a +0 buckler (worn)
 l - a +1 helmet (worn)
Jewellery
 j - a ring of fire
 k - a ring of fire
 o - a ring of wizardry
Scrolls
 m - a scroll of immolation {unknown}
 n - 2 scrolls of identify {unknown}
Potions
 d - a potion of might
 e - a potion of invisibility {unknown}
 f - a potion of brilliance {unknown}
 i - a potion of berserk rage {unknown}

Dungeon Overview and Level Annotations

Branches:
Dungeon (2/15)

Altars:


Message History

The gnoll barely misses you.
A gnoll comes into view. It is wielding a +0 spear.
The gnoll hits you but does no damage. x2
The gnoll shouts!
You slash the gnoll!
The gnoll is heavily wounded.
The gnoll hits you but does no damage. You block the gnoll's attack.
You hit the gnoll.
The gnoll is severely wounded.
You block the gnoll's attack.
The gnoll hits you but does no damage. x2
The gnoll completely misses you.
You hit the gnoll but do no damage.
The gnoll is severely wounded.
The gnoll misses you. The gnoll hits you with a +0 flail.
You hit the gnoll but do no damage.
The gnoll is severely wounded.
The gnoll barely misses you.
The gnoll hits you from afar with a +0 spear.
The gnoll barely misses you.
You slash the gnoll!
You kill the gnoll!
The gnoll hits you but does no damage. The gnoll barely misses you.
The gnoll hits you but does no damage. x2
You block the gnoll's attack. The gnoll hits you with a +0 spear.
Items here: %% )).
Enter note:
Enter note:
Enter note:
Enter note:
Enter note:
Enter note:
880 ||| READING scroll of teleportation.
As you read the scroll of teleportation, it crumbles to dust.
You feel strangely unstable. The gnoll closely misses you.
The gnoll hits you with a +0 spear.
You hit the gnoll.
The gnoll is moderately wounded.
The gnoll hits you with a +0 spear.
The gnoll hits you from afar with a +0 spear.
You die...

..... .. #.#.# ##.. ..#
#.#.# .....
....###.#.###.# .#...
..#.#.....#.#.# #...
......#...#.#.# #. .....
......g.......#... .....
......g........... .....
#.#@..!....... .....
###.#.....#...#. .#.
..............>. ..
###.#........... #.
#.#...##....## . #
#...###....# .
#.#........... ...
#.......).......<.#
########..###.###.....#.


You could see 2 gnolls.

Vanquished Creatures
  2 gnolls (D:2)
  A dart slug (D:1)
  5 bats
  3 endoplasms
  4 goblins (D:1)
  A hobgoblin (D:2)
  3 jackals (D:2)
  A quokka (D:1)
  3 ball pythons (D:1)
  A frilled lizard (D:1)
  2 kobolds (D:1)
  A rat (D:1)
27 creatures vanquished.

Notes
Turn   | Place    | Note
-------+----------+-------------------------------------------
     0 | D:1      | qw the Gargoyle Fighter began the quest for the Orb.
     0 | D:1      | Reached XP level 1. HP: 14/14 MP: 1/1
     0 | D:1      | 0 ||| qw: Version: 0.3-a-9-g12657ce
     0 | D:1      | 0 ||| qw: Game counter: 1492
     0 | D:1      | 0 ||| qw: Always use a shield: true
     0 | D:1      | 0 ||| qw: God list: Okawaru
     0 | D:1      | 0 ||| qw: Allow faded altars: false
     0 | D:1      | 0 ||| qw: Do Orc after D:15 true
     0 | D:1      | 0 ||| qw: Do second Lair branch before Depths: true
     0 | D:1      | 0 ||| qw: Lair rune preference: random
     0 | D:1      | 0 ||| qw: Plans: Normal, Zot:1-4, Slime:5, God:TSO, Crypt,
                  | Tomb, Abyss, Pan, Hells, Win
     0 | D:1      | 0 ||| PLANNING D:1-11
    38 | D:1      | 38 ||| Stepping ~*~*~tactically~*~*~ (hiding).
    85 | D:1      | Reached XP level 2. HP: 19/19 MP: 2/2
   206 | D:1      | 206 ||| Stepping ~*~*~tactically~*~*~ (stealth).
   259 | D:1      | 259 ||| Stepping ~*~*~tactically~*~*~ (stealth).
   260 | D:1      | 260 ||| Stepping ~*~*~tactically~*~*~ (stealth).
   430 | D:1      | Found a faded altar of an unknown god.
   606 | D:1      | 606 ||| UPGRADING to +1 helmet.
   611 | D:1      | 611 ||| READING scroll labelled RILLUCRUUT.
   612 | D:1      | 612 ||| READING scroll labelled CUDGHA HEAGES.
   756 | D:2      | Reached skill level 3 in Axes
   757 | D:2      | 757 ||| Stepping ~*~*~tactically~*~*~ (stealth).
   768 | D:2      | Reached XP level 3. HP: 23/23 MP: 3/3
   775 | D:2      | 775 ||| Stepping ~*~*~tactically~*~*~ (stealth).
   824 | D:2      | 824 ||| Stepping ~*~*~tactically~*~*~ (stealth).
   879 | D:2      | HP: 5/23 [gnoll/+0 spear (4)]
   880 | D:2      | 880 ||| READING scroll of teleportation.
   880 | D:2      | HP: 2/23 [gnoll/+0 spear (3)]
   881 | D:2      | Slain by a gnoll

Levels and vault maps discovered:
D:1:      dpeg_arrival_shelter, layout_rooms,
          shapermc_ecumenical_altar_mp_urbaneastern
D:2:      layout_basic, amcnicky_mini_corridor_feature

Skill      XL: |  1  2 |
---------------+-------+-----
Axes           | 2 3 |  3.6
Fighting       | |  3.2
Armour         | |  3.2
Shields        | |  3.2

Action                     || total
---------------------------++-------
  Melee: War axe           ||    70
    Use: Scroll            ||     3
 Armour: Scale mail        ||    34
  Dodge: Dodged            ||    31
  Block: Buckler           ||    12

Table legend:
 A = Non-vault XP
 B = Vault XP
 C = Vault XP percentage of total XP
 D = Non-vault monster count
 E = Vault monster count
 F = Vault count percentage of total count
                 A         B        C        D         E       F
            +---------+---------+-------+---------+---------+-------
      Total |      70 |       0 |   0.0 |      27 |       0 |   0.0
            +---------+---------+-------+---------+---------+-------
        D:1 |      27 |       0 |   0.0 |      17 |       0 |   0.0
        D:2 |      43 |       0 |   0.0 |      10 |       0 |   0.0
            +---------+---------+-------+---------+---------+-------
